 Dungeon Crawl Stone Soup version 0.28-a0-677-g3278d6a771 (webtiles) character file.

Game seed: 2465243775557311788

507 sodan the Vexing (level 6, -3/28 HPs)
             Began as a Spriggan Enchanter on Oct 18, 2021.
             Was an Initiate of Dithmenos.
             Slain by an iguana (12 damage)
             ... on level 4 of the Dungeon.
             The game lasted 00:09:33 (4412 turns).

sodan the Vexing (Spriggan Enchanter)               Turns: 4412, Time: 00:09:33

Health: -3/28      AC:  3    Str:  6    XL:     6   Next: 97%
Magic:  11/16      EV: 17    Int: 17    God:    Dithmenos [......]
Gold:   158        SH:  0    Dex: 15    Spells: 10/18 levels left

rFire   . . .      SeeInvis +   k - +1 whip (elec)
rCold   . . .      Faith    .   (shield restricted)
rNeg    . . .      Spirit   .   b - +1 robe
rPois   .          Reflect  .   (helmet restricted)
rElec   .          Harm     .   (no cloak)
rCorr   .          Rampage  .   (gloves unavailable)
Will    ++...                   (boots unavailable)
Stlth   +++.......              (no amulet)
HPRegen 0.09/turn               d - ring of willpower
MPRegen 0.15/turn               (no ring)

@: very quick
A: very small, no large weapons, unfitting armour, see invisible, speed 3
a: Renounce Religion


You were on level 4 of the Dungeon.
You worshipped Dithmenos.
Dithmenos was noncommittal.
You visited 2 branches of the dungeon, and saw 6 of its levels.

You collected 158 gold pieces.

Inventory:

Hand Weapons
 a - a +1 dagger
 k - a +1 whip of electrocution (weapon)
Missiles
 e - 23 poisoned darts (quivered)
 g - 2 throwing nets
Armour
 b - a +1 robe (worn)
Jewellery
 d - a ring of willpower (left hand)
Wands
 i - a wand of polymorph (6)
Scrolls
 f - a scroll of vulnerability
Potions
 c - 2 potions of mutation {unknown}
 h - a potion of cancellation
 j - a potion of curing


   Skills:
 - Level 1.1 Short Blades
 - Level 2.6 Dodging
 + Level 5.6 Stealth
 + Level 6.5 Spellcasting
 + Level 6.9 Hexes


You had 10 spell levels left.
You knew the following spells:

 Your Spells              Type           Power      Damage    Failure   Level
a - Ensorcelled Hibernat  Hex/Ice        34%        N/A       4%          2
b - Tukima's Dance        Hex            29%        N/A       1%          3
c - Dazzling Flash        Conj/Hex       34%        N/A       9%          3

Your spell library contained the following spells:

 Spells                   Type           Power      Damage    Failure   Level
 Confusing Touch          Hex            29%        N/A       1%          3
 Portal Projectile        Hex/Tloc       34%        N/A       9%          3
 Summon Guardian Golem    Hex/Summ       17%        N/A       9%          3
 Summon Small Mammal      Summ           20%        N/A       12%         1
 Call Canine Familiar     Summ           5%         N/A       36%         3
 Blade Hands              Tmut           2%         N/A       98%         5
 Excruciating Wounds      Necr           2%         N/A       98%         5


Dungeon Overview and Level Annotations

Branches:
Dungeon (5/15)             Temple (1/1) D:4

Altars:
Ashenzari
Cheibriados
Dithmenos
Elyvilon
Kikubaaqudgha
Nemelex Xobeh
Qazlal
Trog
Xom
Yredelemnul
Zin
The Shining One


Innate Abilities, Weirdness & Mutations

You are very small and have problems with some larger weapons.
You are too small for most types of armour.
You have supernaturally acute eyesight. (SInv)
You cover ground extremely quickly. (Speed+++)


Message History

Dithmenos accepts your kill.
No target in view!
Things that are here:
a +0 club; a goblin corpse An iguana comes into view.
The iguana hisses angrily.
Casting: Ensorcelled Hibernation (safe; 4% risk of failure)
Confirm with . or Enter, or press ? or * to list all spells.
Aiming: Ensorcelled Hibernation (safe; 4% risk of failure)
Press: ? - help, Shift-Dir - straight line, f - iguana
Aim: an iguana (chance to affect: 56%)
The iguana resists with significant effort.
The iguana bites you!
Casting: Ensorcelled Hibernation (safe; 4% risk of failure)
Confirm with . or Enter, or press ? or * to list all spells.
Aiming: Ensorcelled Hibernation (safe; 4% risk of failure)
Press: ? - help, Shift-Dir - straight line, f/p - iguana
Aim: an iguana (chance to affect: 56%)
The iguana resists with significant effort.
Casting: Ensorcelled Hibernation (safe; 4% risk of failure)
Confirm with . or Enter, or press ? or * to list all spells.
Aiming: Ensorcelled Hibernation (safe; 4% risk of failure)
Press: ? - help, Shift-Dir - straight line, f/p - iguana
Aim: an iguana (chance to affect: 56%)
The iguana looks drowsy...
The helpless iguana fails to defend itself.
You puncture the iguana!
The iguana is almost dead.
The iguana bites you!
An iguana is nearby!
Unknown command.
You hear the crackle of electricity.
k - a +1 whip of electrocution (weapon)
You closely miss the iguana.
The iguana is almost dead.
The iguana barely misses you.
You hit the iguana but do no damage.
The iguana is almost dead.
The iguana bites you!
You die...

......#.#.......##
#####...##.....##
#######...## ##+## #.# #
##.## #######.# ###
###...####.......# ...
........@l.....# #.#
#.#....###.###.# #.#
#.##.#.# #.# .#
#.##.#.##.#.###.# .#
#.##............# .#
####.####.##.#.##### .#
......###.##.#.#######.#
.≈........##.#)........#
.≈._..###....#########


You could see an iguana.

Vanquished Creatures
  Sigmund (D:3)
  Edmund (D:4)
  A jelly (D:3)
  Natasha (thrice) (D:4)
  An orc wizard (D:3)
  3 gnolls (D:3)
  2 adders
  3 worms (D:2)
  A dart slug (D:2)
  3 orcs
  2 ball pythons
  8 bats
  3 endoplasms
  2 giant cockroaches
  5 goblins
  3 hobgoblins
  4 jackals (D:3)
  2 quokkas
  5 frilled lizards
  3 kobolds
  6 rats
62 creatures vanquished.

Vanquished Creatures (collateral kills)
  3 orcs (D:3)
3 creatures vanquished.

Vanquished Creatures (others)
  5 dancing weapons
5 creatures vanquished.

Grand Total: 70 creatures vanquished

Notes
Turn   | Place    | Note
-------+----------+-------------------------------------------
     0 | D:1      | sodan the Spriggan Enchanter began the quest for the Orb.
     0 | D:1      | Reached XP level 1. HP: 9/9 MP: 5/5
   333 | D:1      | Reached XP level 2. HP: 7/13 MP: 7/7
   344 | D:1      | Learned a level 2 spell: Ensorcelled Hibernation
   967 | D:1      | You fall into a shaft and drop 1 floor!
  1296 | D:2      | Reached XP level 3. HP: 16/16 MP: 9/9
  1300 | D:2      | Learned a level 3 spell: Tukima's Dance
  1304 | D:2      | Learned a level 3 spell: Dazzling Flash
  1851 | D:2      | Found a glowing silver altar of Zin.
  2204 | D:2      | Found a faded altar of an unknown god.
  2544 | D:3      | Reached XP level 4. HP: 17/21 MP: 0/11
  2642 | D:3      | Reached skill level 5 in Hexes
  3219 | D:3      | Noticed Sigmund
  3277 | D:3      | Killed Sigmund
  3278 | D:3      | Reached skill level 5 in Spellcasting
  3278 | D:3      | Reached XP level 5. HP: 15/24 MP: 4/14
  3464 | D:3      | Reached XP level 6. HP: 28/28 MP: 15/15
  3576 | D:3      | Found a glowing golden altar of the Shining One.
  3790 | D:4      | Noticed Natasha
  3794 | D:4      | Killed Natasha
  3862 | D:5      | Entered Level 5 of the Dungeon
  4032 | D:4      | Found a staircase to the Ecumenical Temple.
  4034 | D:4      | Noticed Natasha
  4042 | D:4      | Killed Natasha
  4055 | Temple   | Entered the Ecumenical Temple
  4059 | Temple   | Became a worshipper of Dithmenos the Shadowed
  4105 | D:4      | Noticed Natasha
  4113 | D:4      | Killed Natasha
  4114 | D:4      | Reached skill level 5 in Stealth
  4153 | D:4      | Noticed Edmund
  4179 | D:4      | Killed Edmund
  4357 | D:4      | Found a stormy altar of Qazlal.
  4412 | D:4      | Slain by an iguana

Illustrated notes

Levels and vault maps discovered:
D:1:      dpeg_arrival_stone_temple_mockup, layout_basic, serial_glass,
          glass_columns_a, glass_columns_b, minmay_strange_pillars
D:2:      layout_basic, ebering_ecumenical_altar_petrified, basic_altar,
          minmay_quadrilaterals
D:3:      layout_basic, lemuel_crystal_altar, uniq_sigmund
D:4:      layout_loops_corners, mainiacjoe_overflow_chevrons,
          minmay_temple_entry_junction_2, uniq_edmund, uniq_natasha
D:5:      layout_loops_corners, serial_shops, nicolae_square_shop
Temple:   nicolae_temple_x_marks_the_god

Skill      XL: |  1  2  3  4  5  6 |
---------------+-------------------+-----
Spellcasting   | 3 4 5 6 |  6.5
Hexes          | 4 6 |  6.9
Stealth        | 5 |  5.6
Short Blades   | |  1.1
Dodging        | |  2.6

Action                   |  1- 3 |  4- 6 || total
-------------------------+-------+-------++-------
Melee: Dagger            |   111 |   133 ||   244
       Unarmed           |       |     1 ||     1
       Whip              |       |     2 ||     2
Throw: Dart              |     9 |       ||     9
 Cast: Ensorcelled Hiber |    10 |    23 ||    33
       Tukima's Dance    |     3 |     6 ||     9
       Dazzling Flash    |     2 |       ||     2
  Use: Scroll            |     5 |     3 ||     8
       Potion            |       |     4 ||     4
 Stab: Sleeping          |    19 |    18 ||    37
       Invisible         |       |     1 ||     1
Armor: Robe              |    11 |    18 ||    29
Dodge: Dodged            |    69 |   111 ||   180

Table legend: (Time is in decaauts)
 A = Elapsed time spent in this place.
 B = Non-inter-level travel time spent in this place.
 C = Inter-level travel time spent in this place.
 D = Time resting spent in this place.
 E = Time spent auto-exploring this place.
 F = Levels seen in this place.
 G = Mean time per level.
                   A        B        C        D        E       F      G
               +--------+--------+--------+--------+--------+-----+--------+
         Total |   3575 |   3502 |     73 |    882 |   1932 |   6 |  595.8 |
       Dungeon |   3568 |   3498 |     70 |    882 |   1932 |   5 |  713.6 |
        Temple |      6 |      4 |      2 |      0 |      0 |   1 |    6.0 |
               +--------+--------+--------+--------+--------+-----+--------+

Top non-repeatable levels by time:
     D:2: 1290 daAuts
     D:3: 948 daAuts
     D:1: 787 daAuts
     D:4: 407 daAuts
     D:5: 135 daAuts
  Temple: 6 daAuts
